 Dungeon Crawl Stone Soup version 0.32-a0-42-ga30500b4d3 (webtiles) character file.

Game seed: 13786583279035083707

72 whatisthis the Poker (level 4, -3/38 HPs)
             Began as a Gnoll Reaver on Jan 28, 2024.
             Slain by an iguana (12 damage)
             ... on level 4 of the Dungeon.
             The game lasted 00:05:58 (1706 turns).

whatisthis the Poker (Gnoll Reaver)                 Turns: 1706, Time: 00:05:59

Health: -3/38      AC:  4    Str: 13    XL:     4   Next: 26%
Magic:  11/11      EV: 12    Int: 13    God:
Gold:   175        SH:  0    Dex: 10    Spells: 12/13 levels left

rFire   . . .        a - +0 spear
rCold   . . .        (no shield)
rNeg    . . .        b - +0 leather armour
rPois   .            i - +0 helmet
rElec   .            (no cloak)
rCorr   .            (no gloves)
SInv    .            (no boots)
Will    .....        (no amulet)
Stlth   +            (no ring)
HPRegen 0.26/turn    (no ring)
MPRegen 0.12/turn

%: no passive effects
@: no status effects
A: fangs 1, strong nose, distributed training
a: no special abilities


You were on level 4 of the Dungeon.
You visited 1 branch of the dungeon, and saw 4 of its levels.

You collected 175 gold pieces.

Inventory:

Hand Weapons
 a - a +0 spear (weapon)
Missiles
 l - a poisoned dart (quivered)
Armour
 b - a +0 leather armour (worn)
 i - a +0 helmet (worn)
Scrolls
 g - a scroll of vulnerability {unknown}
Potions
 c - a potion of resistance
 d - a potion of might {unknown}
 e - a potion of attraction {unknown}
 f - a potion of magic {unknown}
 h - a potion of berserk rage {unknown}
 j - 3 potions of curing
 k - a potion of cancellation {unknown}
 m - 2 potions of heal wounds {unknown}


   Skills:
 + Level 4.6 Fighting
 + Level 1.1 Short Blades
 + Level 1.1 Long Blades
 + Level 1.1 Axes
 + Level 1.1 Maces & Flails
 + Level 6.6 Polearms
 + Level 1.1 Staves
 + Level 1.1 Ranged Weapons
 + Level 1.1 Throwing
 + Level 1.1 Armour
 + Level 4.6 Dodging
 + Level 1.1 Stealth
 + Level 1.1 Shields
 + Level 1.1 Unarmed Combat
 + Level 5.1 Spellcasting
 + Level 5.4 Conjurations
 + Level 0.9 Hexes
 + Level 0.9 Summonings
 + Level 0.9 Necromancy
 + Level 0.9 Translocations
 + Level 0.9 Fire Magic
 + Level 0.9 Ice Magic
 + Level 0.9 Air Magic
 + Level 0.9 Earth Magic
 + Level 0.9 Alchemy
 + Level 1.2 Invocations
 + Level 1.1 Evocations
 + Level 1.0 Shapeshifting


You had 12 spell levels left.
You knew the following spells:

 Your Spells              Type           Power      Damage    Failure   Level
a - Kiss of Death         Conj/Necr      44%        2d8       6%          1

Your spell library contained the following spells:

 Spells                   Type           Power      Damage    Failure   Level
 Momentum Strike          Conj/Tloc      22%        3d8       10%         2
 Hailstorm                Conj/Ice       11%        3d6       19%         3
 Ozocubu's Armour         Ice            5%         N/A       43%         3
 Metabolic Englaciation   Hex/Ice        2%         N/A       99%         5
 Sculpt Simulacrum        Ice/Alch       2%         N/A       100%        6


Dungeon Overview and Level Annotations

Branches:
Dungeon (4/15)
 Temple: D:4-7

Altars:

Shops:
D:2 [

Annotations:
D:2 Sigmund
D:3 Grinder


Innate Abilities, Weirdness & Mutations

You have very sharp teeth.
Your uncanny sense of smell can sniff out nearby items.
Your experience applies equally to all skills.


Message History

You start resting.
HP restored.
l - 6 poisoned darts (gained 5)
An iguana comes into view.
Found a scroll of identify.
Throw: 6 darts (poison)
Press: ? - help, Q - select action, (/) - cycle Shift-Dir - straight line, f - iguana
Aim: an iguana (58% to hit)
You throw a poisoned dart. The poisoned dart hits the iguana.
The iguana is poisoned.
The iguana bites you!
Throw: 5 darts (poison)
Press: ? - help, Q - select action, (/) - cycle Shift-Dir - straight line, f/p - iguana
Aim: an iguana (poisoned, 58% to hit)
You throw a poisoned dart. The poisoned dart hits the iguana.
The iguana bites you.
Unknown command.
Throw: 4 darts (poison)
Press: ? - help, Q - select action, (/) - cycle Shift-Dir - straight line, f/p - iguana
Aim: an iguana (poisoned, 58% to hit)
You throw a poisoned dart. The poisoned dart hits the iguana.
The iguana looks even sicker.
The iguana bites you.
Throw: 3 darts (poison)
Press: ? - help, Q - select action, (/) - cycle Shift-Dir - straight line, f/p - iguana
Aim: an iguana (lightly wounded, very poisoned, 58% to hit)
You throw a poisoned dart. The poisoned dart hits the iguana.
The iguana looks even sicker.
The iguana is lightly wounded.
Throw: 2 darts (poison)
Press: ? - help, Q - select action, (/) - cycle Shift-Dir - straight line, f/p - iguana
Aim: an iguana (heavily wounded, very poisoned, 58% to hit)
You throw a poisoned dart.
The poisoned dart barely misses the iguana.
The iguana bites you!
* * * LOW HITPOINT WARNING * * *
You closely miss the iguana.
The iguana is heavily wounded.
The iguana bites you!
You die...

....?..... .........#
.........# .........# ..#
.........+ ... ..
..........# #.#...
#.........#####. #.#..##:
.. #.@l.....( #.#..#5∆ #.
#..####### #.#..##∆ ###..
#..# #.#...##
......#..#########.......
...............)<#....###
.......>#########.)....##
.....##.# #..#.#... .....
#.# ###......## #### #..
............


You could see an iguana (very poisoned).

Vanquished Creatures
  Natasha (D:1)
  An adder (D:4)
  2 dart slugs (D:2)
  An orc (D:4)
  7 endoplasms
  4 hobgoblins
  2 quokkas (D:1)
  3 ball pythons (D:1)
  4 bats
  3 frilled lizards
  2 goblins
  A kobold (D:1)
  2 rats (D:1)
33 creatures vanquished.

Notes
Turn   | Place    | Note
-------+----------+-------------------------------------------
     0 | D:1      | whatisthis the Gnoll Reaver began the quest for the Orb.
     0 | D:1      | Reached XP level 1. HP: 20/20 MP: 6/6
   130 | D:1      | Reached XP level 2. HP: 26/26 MP: 7/7
   715 | D:2      | Found Nafefe's Armour Shop.
   739 | D:2      | Reached skill level 5 in Spellcasting
   739 | D:2      | Reached XP level 3. HP: 27/31 MP: 7/9
   776 | D:2      | Noticed Sigmund
   833 | D:2      | Noticed Natasha
   848 | D:1      | Killed Natasha
   849 | D:1      | Reached skill level 1 in Short Blades
   849 | D:1      | Reached skill level 1 in Long Blades
   849 | D:1      | Reached skill level 1 in Axes
   849 | D:1      | Reached skill level 1 in Maces & Flails
   849 | D:1      | Reached skill level 1 in Staves
   849 | D:1      | Reached skill level 1 in Ranged Weapons
   849 | D:1      | Reached skill level 1 in Throwing
   849 | D:1      | Reached skill level 1 in Armour
   849 | D:1      | Reached skill level 1 in Stealth
   849 | D:1      | Reached skill level 1 in Shields
   849 | D:1      | Reached skill level 1 in Unarmed Combat
   849 | D:1      | Reached skill level 1 in Invocations
   849 | D:1      | Reached skill level 1 in Evocations
  1018 | D:2      | Reached skill level 1 in Shapeshifting
  1018 | D:2      | Reached XP level 4. HP: 37/37 MP: 11/11
  1429 | D:3      | Noticed Grinder
  1706 | D:4      | Slain by an iguana

Illustrated notes

Levels and vault maps discovered:
D:1:      denvon_arrival_planthouse, layout_rooms, serial_forest,
          infiniplex_forest_lined_2, infiniplex_forest_clump_curved,
          infiniplex_forest_corner_1, infiniplex_forest_straight_4,
          infiniplex_forest_lined_room_2, infiniplex_forest_clump_curved,
          infiniplex_forest_straight_4, infiniplex_forest_end_3
D:2:      layout_rooms, serial_shops, nicolae_shop_pleasant_corner_grove,
          minivault_14, chequers_mini_garden, kennysheep_path_1, uniq_natasha,
          uniq_sigmund
D:3:      layout_rooms, uniq_grinder
D:4:      cheibrodos_quashed, layout_basic, mainiacjoe_overflow_alcove_4,
          enter_ossuary_5, chequers_serial_rivers_room_b, nicolae_letterblocks
          [nicolae_letter_subblock, nicolae_letter_subblock,
          nicolae_letter_subblock, nicolae_letter_subblock,
          nicolae_letter_subblock, nicolae_letter_subblock,
          nicolae_letter_subblock, nicolae_letter_subblock,
          nicolae_letter_subblock, nicolae_letter_subblock,
          nicolae_letter_subblock, nicolae_letter_subblock,
          nicolae_letter_subblock, nicolae_letter_subblock,
          nicolae_letter_subblock, nicolae_letter_subblock,
          nicolae_letter_subblock, nicolae_letter_subblock,
          nicolae_letter_subblock, nicolae_letter_subblock,
          nicolae_letter_subblock, nicolae_letter_subblock,
          nicolae_letter_subblock, nicolae_letter_subblock,
          nicolae_letter_subblock]

Skill      XL: |  1  2  3 |
---------------+----------+-----
Spellcasting   | 5 |  5.1
Short Blades   | 1 |  1.1
Long Blades    | 1 |  1.1
Axes           | 1 |  1.1
Maces & Flails | 1 |  1.1
Staves         | 1 |  1.1
Ranged Weapons | 1 |  1.1
Throwing       | 1 |  1.1
Armour         | 1 |  1.1
Stealth        | 1 |  1.1
Shields        | 1 |  1.1
Unarmed Combat | 1 |  1.1
Invocations    | 1 |  1.2
Evocations     | 1 |  1.1
Shapeshifting  | 1 |  1.0
Fighting       | |  4.6
Polearms       | |  6.6
Dodging        | |  4.6
Conjurations   | |  5.4
Hexes          | |  0.9
Summonings     | |  0.9
Necromancy     | |  0.9
Translocations | |  0.9
Fire Magic     | |  0.9
Ice Magic      | |  0.9
Air Magic      | |  0.9
Earth Magic    | |  0.9
Alchemy        | |  0.9

Action                     |  1- 3 |  4- 6 || total
---------------------------+-------+-------++-------
  Melee: Spear             |    94 |    36 ||   130
         Bite              |     4 |     2 ||     6
  Throw: Dart              |       |    10 ||    10
   Cast: Kiss of Death     |     1 |       ||     1
    Use: Scroll            |       |     4 ||     4
 Armour: Leather armour    |    28 |    36 ||    64
  Dodge: Dodged            |    32 |    24 ||    56

Table legend: (Time is in decaauts)
 A = Elapsed time spent in this place.
 B = Non-inter-level travel time spent in this place.
 C = Inter-level travel time spent in this place.
 D = Time resting spent in this place.
 E = Time spent auto-exploring this place.
 F = Levels seen in this place.
 G = Mean time per level.
                   A        B        C        D        E       F      G
               +--------+--------+--------+--------+--------+-----+--------+
         Total |   1687 |   1638 |     49 |    216 |    572 |   4 |  421.8 |
       Dungeon |   1687 |   1638 |     49 |    216 |    572 |   4 |  421.8 |
               +--------+--------+--------+--------+--------+-----+--------+

Top non-repeatable levels by time:
     D:1: 795 daAuts
     D:2: 477 daAuts
     D:3: 227 daAuts
     D:4: 187 daAuts
